 Dungeon Crawl Stone Soup version bcrawl-1.21.3 (webtiles) character file.

Game seed: 859347155934511979

2096 Flugslaktarn the Fighter (level 9, 0/59 HPs)
             Began as a Skeleton Archaeologist on Mar 30, 2020.
             Slain by a killer bee (5 damage)
             ... on level 7 of the Dungeon.
             The game lasted 00:04:37 (8597 turns).

Flugslaktarn the Fighter (Skeleton Archaeologist)   Turns: 8597, Time: 00:04:38

Health: 0/59       AC: 14    Str: 19 (21) XL:     9   Next: 7%
Magic:  0/9        EV:  5    Int: 13      God:
Gold:   144        SH: 14    Dex:  7      Spells: 8/8 levels left

rFire    x . .     SeeInvis +   i - +2 short sword (venom)
rCold    + . .     Gourm    .   b - +0 large shield
rNeg     + + +     Faith    .   q - +2 chain mail "Kynul" {rPois rF- Slay+3 SInv}
rPois    ∞         Spirit   +   c - +1 hat
rElec    .         Reflect  .   (no cloak)
rCorr    .         Harm     .   (no gloves)
MR       +....                  d - +1 pair of boots
Stlth    ..........             (no amulet)
HPRegen  0.19/turn              (no ring)
MPRegen  0.11/turn              (no ring)

@: no status effects
A: no food or potions, cold resistance 1, deterioration 1, negative energy
resistance 3, powered by death 1, torment resistance, unbreathing, magic shield,
sturdy frame 1, spell healing
a: no special abilities


You were on level 7 of the Dungeon.
You were not hungry.

You visited 1 branch of the dungeon, and saw 7 of its levels.

You collected 362 gold pieces.
You spent 218 gold pieces at shops.

Inventory:

Hand Weapons
 a - a +0 whip
 i - a +2 short sword of venom (weapon)
   (You took it off a kobold on level 2 of the Dungeon)
 k - a -1 war axe
   (You found it on level 3 of the Dungeon)
Armour
 b - a +0 large shield (worn)
   (You found it on level 4 of the Dungeon)
 c - a +1 hat (worn)
 d - a +1 pair of boots (worn)
 j - a +0 plate armour
   (You found it on level 2 of the Dungeon)
 q - the +2 chain mail "Kynul" (worn) {rPois rF- Slay+3 SInv}
   (You bought it in a shop on level 6 of the Dungeon)

   It affects your accuracy and damage with ranged weapons and melee attacks
   (+3).
   It makes you vulnerable to fire.
   It protects you from poison.
   It lets you see invisible.
Jewellery
 l - a cursed ring of attention {unknown}
   (You found it on level 4 of the Dungeon)
 m - an uncursed ring of stealth {unknown}
   (You found it on level 4 of the Dungeon)
 o - a +1 ring of slaying {unknown}
   (You found it on level 5 of the Dungeon)
Wands
 v - a wand of digging (9)
   (You found it on level 6 of the Dungeon)
Scrolls
 e - a scroll of magic mapping
 f - a scroll of acquirement
 h - 2 scrolls of enchant weapon
 p - a scroll of enchant armour
 r - 2 scrolls of identify
 x - a scroll of remove curse


   Skills:
 + Level 8.2 Fighting
 * Level 7.3(7.4) Axes
 - Level 1.2(4.7) Maces & Flails
 + Level 4.5 Armour
 - Level 3.0 Dodging
 - Level 3.6 Stealth
 + Level 4.7 Shields


You had 8 spell levels left.
You didn't know any spells.
Your spell library was empty.

Dungeon Overview and Level Annotations

Branches:
Dungeon (7/12)             Temple (0/1) D:7            Lair (0/6) D:7

Altars:
Ashenzari
Cheibriados
Fedhas

Shops:
D:4 }   D:6 *![   D:7 *

Annotations:
D:6 2 transporters, yrara's ghost, novice GrFi


Innate Abilities, Weirdness & Mutations

You do not eat or drink.
You are immune to poison.
Your flesh is cold resistant. (rC+)
Your body sometimes deteriorates upon taking damage.
You are immune to negative energy. (rN+++)
You regenerate a little health from kills.
You are immune to unholy pain and torment.
You can survive without breathing.
When hurt, damage is shared between your health and your magic reserves.
Your movements are slightly less encumbered by armour. (ER -2)
Casting spells heals you.


Message History

The scorpion completely misses you. You block the killer bee's attack.
The killer bee stings you but does no damage. x3
You block the killer bee's attack. x4
You block the killer bee's attack. The killer bee barely misses you.
You block the shadow imp's attack. You block the killer bee's attack.
You block the ogre's attack. You block the killer bee's attack.
The killer bee stings you.
* * * LOW HITPOINT WARNING * * *
Found a quarterstaff.
The killer bee stings you but does no damage.
You block the killer bee's attack. x2
You block the killer bee's attack. You block the killer bee's attack.
The killer bee stings you.
* * * LOW HITPOINT WARNING * * *
The killer bee stings you but does no damage.
You block the killer bee's attack.
The worker ant's inner flame fades away.
The killer bee stings you!
You die...

.## ##### ..# .....
.#.##.>..)
######..#.........# ####
......##..⌠.⌠.⌠..#
.#....##y........8.8.8..#
Z....hy.<# #.......).#
.##...h### #@###.....#
#<.... #yy##.....##
#.#### ##..5......# #
###Oz.....# #..z....#
##a.>..## ##sz...##
#.......# #sz.....#


You could see an ogre, a worker ant, 2 killer bees, 3 wights and a shadow imp.

Vanquished Creatures
  Duvessa (D:4)
  2 sky beasts
  An orc warrior (D:5)
  A phantom (D:4)
  4 ogres
  3 bullfrogs (D:6)
  Dowan (D:4)
  2 killer bees (D:7)
  4 wights (D:6)
  3 crimson imps
  A centaur zombie (D:3)
  A gnoll shaman (D:4)
  A bullfrog skeleton (D:6)
  A centaur skeleton (D:6)
  An orc wizard (D:5)
  Jessica (D:2)
  Terence (D:2)
  An iguana (D:5)
  5 worker ants
  A hound zombie (D:6)
  A hound skeleton (D:5)
  A howler monkey zombie (D:5)
  4 gnolls (D:4)
  A worker ant zombie (D:5)
  A howler monkey skeleton (D:6)
  11 adders
  A shadow imp (D:4)
  7 oozes
  An adder zombie (D:5)
  2 worms
  5 dart slugs
  7 leopard geckos
  4 orcs (D:5)
  4 giant cockroaches
  A goblin (D:1)
  7 hobgoblins
  4 jackals
  3 quokkas
  A ball python (D:2)
  14 bats
  A frilled lizard (D:1)
  A jackal skeleton (D:4)
  8 kobolds
  8 rats
134 creatures vanquished.

Notes
Turn   | Place    | Note
-------+----------+-------------------------------------------
     0 | D:1      | Flugslaktarn the Skeleton Archaeologist began the quest for
                  | the Orb.
     0 | D:1      | Reached XP level 1. HP: 12/12 MP: 1/1
   147 | D:1      | Reached skill level 2 in Fighting
   156 | D:1      | Reached XP level 2. HP: 4/17 MP: 0/2
  1209 | D:1      | Reached skill level 3 in Fighting
  1257 | D:1      | Reached XP level 3. HP: 23/23 MP: 3/3
  1498 | D:1      | Noticed a troll
  1958 | D:2      | Noticed Jessica
  1966 | D:2      | Killed Jessica
  1966 | D:2      | Reached skill level 4 in Fighting
  1966 | D:2      | Reached XP level 4. HP: 29/29 MP: 2/4
  2306 | D:2      | Noticed Terence
  2316 | D:2      | Killed Terence
  2406 | D:2      | Reached skill level 5 in Fighting
  2406 | D:2      | Reached XP level 5. HP: 34/35 MP: 5/5
  2406 | D:2      | Identified a scroll of acquirement
  3035 | D:3      | Reached skill level 6 in Fighting
  3319 | D:3      | Gained mutation: You regenerate a little health from kills.
                  | [Skeleton growth]
  3319 | D:3      | Reached XP level 6. HP: 37/41 MP: 4/6
  3635 | D:3      | Found a blossoming altar of Fedhas.
  4041 | D:4      | Found Ufiom's Gadget Emporium.
  4041 | D:4      | Noticed Duvessa
  4041 | D:4      | Noticed Dowan
  5255 | D:4      | Reached skill level 7 in Fighting
  5255 | D:4      | Reached skill level 1 in Axes
  5255 | D:4      | Reached skill level 1 in Armour
  5358 | D:4      | Reached XP level 7. HP: 48/48 MP: 7/7
  5436 | D:4      | Reached skill level 1 in Shields
  5777 | D:4      | Killed Duvessa
  5805 | D:4      | Killed Dowan
  6055 | D:5      | Entered Level 5 of the Dungeon
  6495 | D:5      | Found a snail-covered altar of Cheibriados.
  6526 | D:5      | Reached XP level 8. HP: 53/53 MP: 6/8
  6642 | D:5      | Reached skill level 5 in Axes
  7079 | D:6      | Found Xene's Assorted Antiques.
  7355 | D:6      | Noticed yrara's ghost (novice GrFi)
  7366 | D:6      | Found a transporter.
  7435 | D:6      | Found Kiasmi Ykhlu's Antique Armour Emporium.
  7440 | D:6      | Bought a pitted chain mail for 218 gold pieces
  7450 | D:6      | Identified the +2 chain mail "Kynul" {rPois rF- Slay+3
                  | SInv} (You bought it in a shop on level 6 of the Dungeon)
  7535 | D:6      | Reached skill level 8 in Fighting
  7805 | D:6      | Found a transporter.
  7853 | D:6      | Found a shattered altar of Ashenzari.
  8033 | D:6      | Found Ibbynavy's Distillery.
  8041 | D:6      | Reached XP level 9. HP: 55/59 MP: 7/9
  8564 | D:7      | Found Baseotwa's General Store.
  8565 | D:7      | Found a staircase to the Lair.
  8597 | D:7      | Found a staircase to the Ecumenical Temple.
  8597 | D:7      | Slain by a killer bee

Skill      XL: |  1  2  3  4  5  6  7  8 |
---------------+-------------------------+-----
Fighting       | 2 3 4 5 6 7 8 |  8.2
Axes           | 2 4 7 |  7.3
Armour         | 1 2 4 |  4.5
Shields        | 2 4 |  4.7
Maces & Flails | |  1.2
Dodging        | |  3.0
Stealth        | |  3.6

Action                   |  1- 3 |  4- 6 |  7- 9 || total
-------------------------+-------+-------+-------++-------
Melee: Whip              |   205 |       |       ||   205
       Short sword       |    16 |   122 |   261 ||   399
       War axe           |       |   286 |       ||   286
  Use: Scroll            |       |     4 |     5 ||     9
 Stab: Sleeping          |     2 |       |       ||     2
Armor: Robe              |   101 |     3 |       ||   104
       Plate armour      |       |   300 |    87 ||   387
       Chain mail        |       |       |    90 ||    90
Dodge: Dodged            |   176 |   165 |    47 ||   388
Block: Large shield      |       |    17 |   244 ||   261
